 Dungeon Crawl Stone Soup version 0.26.0-16-gc1dbca0489 (webtiles) character file.

Game seed: 7955811287128001626

57 littlecub the Skirmisher (level 3, 0/29 HPs)
             Began as a Demonspawn Fighter on Jan 20, 2021.
             Slain by a hobgoblin (3 damage)
             ... on level 2 of the Dungeon.
             The game lasted 00:01:50 (1437 turns).

littlecub the Skirmisher (Demonspawn Fighter)       Turns: 1437, Time: 00:01:51

Health: 0/29       AC:  9    Str: 17    XL:     3   Next: 73%
Magic:  3/3        EV:  4    Int:  9    God:
Gold:   118        SH: 13    Dex: 12    Spells: 2/2 levels left

rFire    . . .     SeeInvis .   f - +0 dagger (venom)
rCold    . . .     Faith    .   c - +0 kite shield
rNeg     . . .     Spirit   .   a - +0 chain mail
rPois    .         Reflect  .   (no helmet)
rElec    .         Harm     .   (no cloak)
rCorr    .         Rampage  .   (no gloves)
Will     .....                  (no boots)
Stlth    ..........             (no amulet)
HPRegen  0.09/turn              (no ring)
MPRegen  0.08/turn              (no ring)

@: lethally poisoned (0 -> -2)
A: hooves 1, large bone plates 1
a: no special abilities


You were on level 2 of the Dungeon.
You visited 1 branch of the dungeon, and saw 2 of its levels.

You collected 118 gold pieces.

Inventory:

Hand Weapons
 f - a +0 dagger of venom (weapon)
Armour
 a - a +0 chain mail (worn)
 c - a +0 kite shield (worn)
Scrolls
 e - 2 scrolls of amnesia {unknown}
 i - 3 scrolls of identify {unknown}
 j - 4 scrolls of remove curse {unknown}
 k - a scroll of magic mapping {unknown}
 l - 3 scrolls of teleportation {unknown}
Potions
 b - 2 potions of flight {unknown}
 d - 2 potions of might
 g - 2 potions of ambrosia {unknown}
 h - a potion of berserk rage {unknown}


   Skills:
 * Level 3.6 Fighting
 * Level 2.5 Maces & Flails
 + Level 3.0 Armour
 + Level 3.0 Shields


You had 2 spell levels left.
You didn't know any spells.
Your spell library was empty.

Dungeon Overview and Level Annotations

Branches:
Dungeon (2/15)

Altars:


Innate Abilities, Weirdness & Mutations

You have large cloven feet.
You are partially covered in large bone plates. (SH +4)


Message History

You hit the worm but do no damage.
The worm looks as sick as possible!
You kick the worm.
The worm is heavily wounded.
You feel sick.
The hobgoblin hits you but does no damage.
You hit the worm.
The worm looks as sick as possible!
You kick the worm, but do no damage.
The worm is severely wounded.
The worm bites you but does no damage. The hobgoblin hits you.
* * * LOW HITPOINT WARNING * * *
You hit the worm.
The worm looks as sick as possible!
The worm is almost dead.
The hobgoblin hits you but does no damage.
The worm bites you.
* * * LOW HITPOINT WARNING * * *
You hit the worm but do no damage.
The worm looks as sick as possible!
The worm is almost dead.
You kill the worm!
The hobgoblin hits you.
You die...

#.. #.# ..... #.# )... #.#
...# #.# ... ##.## ..#
#...# ..####. #.#.#
####..#.... ##.#.##
#@gw†...# #..#..#
#†#.....##. ##.###†##
.#####..........
#..#.#..###........#.#.###
..##.##...######.#.#.#.#
###...###....#####.....#
#(..⌠..(####...........#
###...###....#####.†...#
..##.##...#### ###.###


You could see a worm and a hobgoblin.

Vanquished Creatures
  An adder (D:2)
  2 oozes (D:1)
  A worm (D:2)
  A dart slug (D:1)
  3 leopard geckos
  4 bats
  4 goblins
  3 hobgoblins
  3 jackals (D:1)
  A quokka (D:2)
  7 frilled lizards
  3 kobolds
  3 rats (D:1)
36 creatures vanquished.

Notes
Turn   | Place    | Note
-------+----------+-------------------------------------------
     0 | D:1      | littlecub the Demonspawn Fighter began the quest for the
                  | Orb.
     0 | D:1      | Reached XP level 1. HP: 18/18 MP: 1/1
   116 | D:1      | Gained mutation: You are partially covered in large bone
                  | plates. (SH +4) [demonic ancestry]
   116 | D:1      | Reached XP level 2. HP: 23/24 MP: 2/2
   541 | D:1      | Gained mutation: You have large cloven feet. [demonic
                  | ancestry]
   541 | D:1      | Reached XP level 3. HP: 15/29 MP: 3/3
  1437 | D:2      | Slain by a hobgoblin

Illustrated notes

Levels and vault maps discovered:
D:1:      minmay_arrival_glassed_features, layout_basic
D:2:      minmay_general_purpose_star, layout_loops_corners, uniq_terence

Skill      XL: |  1  2  3 |
---------------+----------+-----
Maces & Flails | 2 |  2.5
Armour         | 3 |  3.0
Shields        | 3 |  3.0
Fighting       | |  3.6

Action                   || total
-------------------------++-------
Melee: Flail             ||    59
       Dagger            ||    40
       Kick              ||    16
Armor: Scale mail        ||    25
       Chain mail        ||    22
Dodge: Dodged            ||    21
Block: Kite shield       ||    69
